 Dungeon Crawl Stone Soup version 0.28-a0-1616-g050a50673c (webtiles) character file.

Game seed: 8573262054568763369

487 mcsnuffy the Conjurer (level 6, 0/72 HPs)
             Began as a Demigod Conjurer on Jan 22, 2022.
             Succumbed to a killer bee's poison
             ... on level 4 of the Dungeon.
             The game lasted 00:08:32 (3958 turns).

mcsnuffy the Conjurer (Demigod Conjurer)            Turns: 3958, Time: 00:08:33

Health: 0/72       AC: 23    Str:  8    XL:     6   Next: 58%
Magic:  2/13       EV:  2    Int: 28    God:
Gold:   92         SH:  0    Dex: 12    Spells: 4/11 levels left

rFire   . . .      SeeInvis +   g - +0 hand axe (elec)
rCold   . . .      Faith    .   (no shield)
rNeg    . . .      Spirit   .   (armour currently unavailable)
rPois   +          Reflect  .   (helmet currently unavailable)
rElec   .          Harm     .   (cloak currently unavailable)
rCorr   .          Rampage  .   (gloves currently unavailable)
Will    .....      NoTele   +   (boots currently unavailable)
Stlth   ++........              (no amulet)
HPRegen 0.22/turn               v - ring of see invisible
MPRegen 0.13/turn               (no ring)

@: lethally poisoned (0 -> -3), tree-form
A: stationary, stasis, torment immunity, boosted hp, high mp 1, forlorn, divine
attributes, (horns 2), deterioration 1
a: no special abilities


You were on level 4 of the Dungeon.
You were a tree.
You visited 1 branch of the dungeon, and saw 4 of its levels.

You collected 92 gold pieces.


Innate Abilities, Weirdness & Mutations

You are a tree.
Your roots penetrate the ground, keeping you stationary.
You cannot be teleported.
You are immune to unholy pain and torment.
Your maximum health is greatly increased.
Your equipment is partially melded.
You have an increased reservoir of magic. (+10% MP)
You shall have no god before yourself.
Your divine heritage dramatically boosts your attributes as you level up.
((You have a pair of horns on your head.))
Your body sometimes deteriorates upon taking damage.


   Skills:
 - Level 2.0 Fighting
 - Level 1.7 Dodging
 - Level 1.7 Stealth
 - Level 3.0 Spellcasting
 + Level 6.3 Conjurations
 - Level 2.0 Hexes


You had 4 spell levels left.
You knew the following spells:

 Your Spells              Type           Power      Damage    Failure   Level
f - Fulminant Prism       Conj/Hex       13%        3d9       16%         4
m - Magic Dart            Conj           100%       1d8       1%          1
s - Searing Ray           Conj           78%        2d7       1%          2

Your spell library contained the following spells:

 Spells                   Type           Power      Damage    Failure   Level
 Slow                     Hex            60%        N/A       3%          1
 Dazzling Flash           Conj/Hex       54%        N/A       4%          3
 Confusing Touch          Hex            15%        N/A       11%         3
 Iskenderun's Mystic Bla  Conj/Tloc      21%        2d6       22%         4
 Vampiric Draining        Necr           4%         2d6       24%         3

Inventory:

Hand Weapons
 b - a +0 dagger
 g - a +0 hand axe of electrocution (weapon)
Armour
 a - a +0 robe
 e - a +1 robe of positive energy (melded)
Jewellery
 v - a ring of see invisible (left branch)
Wands
 i - a wand of flame (6)
Scrolls
 c - 2 scrolls of enchant weapon {unknown}
 d - 4 scrolls of teleportation {@r2}
 f - a scroll of holy word {unknown}
 h - a scroll of identify {unknown}
Potions
 j - 2 potions of mutation

Dungeon Overview and Level Annotations

Branches:
Dungeon (4/15)             Temple (0/1) D:4

Shops:
D:2

= .....8.>.8.#
......⌠.⌠..#
###..8.8.8.#
### ##....y..#
..# ##.###.##
#.# #. #.# #.#
#. #.######
#.# # #......#
#.# ######♣#
#<# ##.## #.#
#...# #.#
#.#.# #.#
##..^###.#
####.....##.#
)............#
#####.....####
##....†...#


There were no monsters in sight!


Message History

Confirm with . or Enter, or press ? or * to list all spells.
Aiming: Magic Dart (safe; 1% risk of failure)
Press: ? - help, Shift-Dir - straight line, f/p - killer bee
Aim: a killer bee (severely wounded, 100% to hit)
The magic dart hits the killer bee.
You kill the killer bee!
* * * LOW HITPOINT WARNING * * *
You feel very sick.
A killer bee comes into view.
Training target 2.0 for Hexes reached!
Your Hexes skill increases to level 2!
* * * LOW HITPOINT WARNING * * *
You feel very sick.
It was a potion of mutation.
You feel extremely strange. A pair of horns grows on your head!
The horns on your head grow some more.
You feel yourself wasting away.
* * * LOW HITPOINT WARNING * * *
You feel sick.
It was a potion of lignification.
You turn into a tree.
Your +1 robe of positive energy melds into your body.
You feel less protected from negative energy.
Your roots penetrate the ground.
* * * LOW HITPOINT WARNING * * *
You feel sick.
Okay, then.
* * * LOW HITPOINT WARNING * * *
You feel sick.
* * * LOW HITPOINT WARNING * * *
You feel sick.
You die...

Skill      XL: |  1  2  3  4  5  6 |
---------------+-------------------+-----
Conjurations   | 4 5 6 |  6.3
Fighting       | 1 2 |  2.0
Spellcasting   | 2 3 |  3.0
Hexes          | 2 |  2.0
Dodging        | |  1.7
Stealth        | |  1.7

Action                   |  1- 3 |  4- 6 || total
-------------------------+-------+-------++-------
Melee: Hand axe          |    10 |       ||    10
 Cast: Magic Dart        |    68 |    88 ||   156
       Searing Ray       |       |     2 ||     2
  Use: Scroll            |       |     1 ||     1
       Potion            |       |     2 ||     2
Armor: Robe              |     6 |    24 ||    30
Dodge: Dodged            |    21 |    42 ||    63

Levels and vault maps discovered:
D:1:      lemuel_arrival_behind_the_door_large, layout_basic
D:2:      minmay_angry_zag, layout_basic,
          shapermc_ecumenical_altar_totnotflames, serial_shops, shop,
          minmay_diced_spiral, uniq_jessica
D:3:      layout_basic, st_stairs_1, chequers_serial_rivers_small_a,
          goddamned_bats, uniq_terence
D:4:      layout_loops_ring, trog_antimagical,
          minmay_temple_entry_statues_fountains, nicolae_ossuary_entry_catacombs

Notes
Turn   | Place    | Note
-------+----------+-------------------------------------------
     0 | D:1      | mcsnuffy the Demigod Conjurer began the quest for the Orb.
     0 | D:1      | Reached XP level 1. HP: 14/14 MP: 5/5
   751 | D:1      | Reached skill level 4 in Conjurations
  1184 | D:2      | Reached XP level 2. HP: 20/20 MP: 5/7
  1689 | D:2      | Noticed Jessica
  1692 | D:2      | Killed Jessica
  1693 | D:2      | Reached XP level 3. HP: 26/26 MP: 4/8
  1740 | D:2      | Learned a level 2 spell: Searing Ray
  2027 | D:2      | Reached skill level 5 in Conjurations
  2104 | D:2      | Found Vixecebb's Jewellery Boutique.
  2303 | D:3      | Reached skill level 1 in Fighting
  2469 | D:3      | Reached XP level 4. HP: 35/35 MP: 6/9
  2693 | D:3      | Reached skill level 2 in Spellcasting
  2892 | D:3      | Reached skill level 2 in Fighting
  3166 | D:3      | Reached XP level 5. HP: 41/41 MP: 8/11
  3174 | D:3      | Reached skill level 3 in Spellcasting
  3321 | D:3      | Noticed Terence
  3335 | D:3      | Killed Terence
  3802 | D:4      | Learned a level 4 spell: Fulminant Prism
  3844 | D:4      | Reached XP level 6. HP: 38/48 MP: 7/13
  3909 | D:4      | Found a staircase to the Ecumenical Temple.
  3941 | D:4      | Reached skill level 1 in Hexes
  3949 | D:4      | Reached skill level 6 in Conjurations
  3953 | D:4      | Reached skill level 2 in Hexes
  3953 | D:4      | HP: 4/48 [poisoned by a killer bee]
  3954 | D:4      | Gained mutation: You have a pair of small horns on your
                  | head. [potion of mutation]
  3954 | D:4      | Gained mutation: You have a pair of horns on your head.
                  | [potion of mutation]
  3954 | D:4      | Gained mutation: Your body sometimes deteriorates upon
                  | taking damage. [potion of mutation]
  3956 | D:4      | HP: 1/72 [poisoned by a killer bee]
  3958 | D:4      | Succumbed to a killer bee's poison

Vanquished Creatures
  4 killer bees (D:4)
  A vampire bat (D:3)
  A hound (D:4)
  Jessica (D:2)
  Terence (D:3)
  An iguana (D:4)
  4 adders
  3 fire bats (D:3)
  2 spectral bats (D:3)
  3 bat skeletons (D:3)
  A bat zombie (D:3)
  4 endoplasms
  2 giant cockroaches
  5 goblins
  8 hobgoblins
  2 quokkas
  8 ball pythons
  15 bats
  A bat simulacrum (D:3)
  7 frilled lizards
  5 kobolds
  7 rats
86 creatures vanquished.

Table legend: (Time is in decaauts)
 A = Elapsed time spent in this place.
 B = Non-inter-level travel time spent in this place.
 C = Inter-level travel time spent in this place.
 D = Time resting spent in this place.
 E = Time spent auto-exploring this place.
 F = Levels seen in this place.
 G = Mean time per level.
                   A        B        C        D        E       F      G
               +--------+--------+--------+--------+--------+-----+--------+
         Total |   3961 |   3892 |     69 |    342 |   3123 |   4 |  990.2 |
       Dungeon |   3961 |   3892 |     69 |    342 |   3123 |   4 |  990.2 |
               +--------+--------+--------+--------+--------+-----+--------+

Top non-repeatable levels by time:
     D:3: 1612 daAuts
     D:1: 1130 daAuts
     D:2: 1033 daAuts
     D:4: 184 daAuts

Table legend:
 A = Non-vault XP
 B = Vault XP
 C = Vault XP percentage of total XP
 D = Non-vault monster count
 E = Vault monster count
 F = Vault count percentage of total count
                 A         B        C        D         E       F
            +---------+---------+-------+---------+---------+-------
      Total |     424 |     273 |  39.2 |      49 |      37 |  43.0
            +---------+---------+-------+---------+---------+-------
        D:1 |      14 |       0 |   0.0 |      11 |       0 |   0.0
        D:2 |      22 |      56 |  71.8 |       9 |      12 |  57.1
        D:3 |      62 |     217 |  77.8 |      18 |      25 |  58.1
        D:4 |     326 |       0 |   0.0 |      11 |       0 |   0.0
            +---------+---------+-------+---------+---------+-------
